 Dungeon Crawl Stone Soup version 0.26-a0-1033-gd598b01645 (webtiles) character file.

Game seed: 517399894107968673

544 Valerick the Insei (level 7, 0/46 HPs)
             Began as an Octopode Transmuter on Dec 10, 2020.
             Was a Believer of Makhleb.
             Slain by Eustachio the wolf (12 damage)
             ... on level 4 of the Dungeon.
             The game lasted 00:18:52 (3487 turns).

Valerick the Insei (Octopode Transmuter)            Turns: 3487, Time: 00:18:52

Health: 0/46       AC:  1    Str: 12    XL:     7   Next: 27%
Magic:  10/10      EV: 14    Int: 15    God:    Makhleb [**....]
Gold:   173        SH:  0    Dex: 12    Spells: 7/10 levels left

rFire    . . .     SeeInvis .     - Unarmed
rCold    . . .     Faith    .   (no shield)
rNeg     . . .     Spirit   .   (helmet currently unavailable)
rPois    .         Reflect  .   l - amulet of regeneration
rElec    .         Harm     .   (no ring)
rCorr    .         Rampage  .   (no ring)
Will     .....                  (no ring)
Stlth    +++.......             (no ring)
HPRegen  0.55/turn              (no ring)
MPRegen  0.12/turn              (no ring)
                                (no ring)
                                (no ring)

@: appendages (expiring)
A: almost no armour, stealthy swim, amphibious, 8 rings, constrict 8, tentacle
spike 3, camouflage 1, gelatinous body 1
a: End Transformation, Minor Destruction, Renounce Religion


You were on level 4 of the Dungeon.
You worshipped Makhleb.
Makhleb was pleased with you.
One of your tentacles had a temporary spike.
You visited 1 branch of the dungeon, and saw 4 of its levels.

You collected 173 gold pieces.

Inventory:

Hand Weapons
 m - a +0 falchion of holy wrath
Armour
 j - a +0 ring mail
Jewellery
 l - an amulet of regeneration (around mantle)
Wands
 h - a wand of polymorph (9)
Scrolls
 a - a scroll of fog {unknown}
 b - a scroll of noise {unknown}
 d - 2 scrolls of identify {unknown}
 e - a scroll of fear {unknown}
 g - 2 scrolls of teleportation {unknown}
 i - a scroll of remove curse {unknown}
 k - 2 scrolls of enchant weapon {unknown}
Potions
 c - a potion of flight {unknown}
 f - 2 potions of curing
 n - a potion of heal wounds {unknown}


   Skills:
 * Level 3.5 Fighting
 + Level 3.1 Dodging
 + Level 3.6 Stealth
 + Level 5.7 Unarmed Combat
 - Level 2.0 Spellcasting
 + Level 3.1 Transmutations


You had 7 spell levels left.
You knew the following spells:

 Your Spells              Type           Power        Failure   Level
a - Beastly Appendage     Tmut           ##....       6%          1
b - Wereblood             Tmut           ##......     10%         2

Your spell library contained the following spells:

 Spells                   Type           Power        Failure   Level
 Spider Form              Tmut/Pois      #.........   34%         3
 Ice Form                 Ice/Tmut       #.......     75%         4
 Blade Hands              Tmut           ##........   86%         5


Dungeon Overview and Level Annotations

Branches:
Dungeon (4/15)
 Temple: D:4-7

Altars:
Makhleb
Ru

Annotations:
D:4 Eustachio


Innate Abilities, Weirdness & Mutations

You cannot wear most types of armour.
You are very stealthy in the water. (Stealth+)
You are amphibious.
You can wear up to eight rings at the same time.
You can use your tentacles to constrict eight enemies at once.
Your skin changes colour to match your surroundings (Stealth+).
Your rubbery body absorbs attacks. (AC +1, EV +1)
One of your tentacles bears a large vicious spike.


Message History

Eustachio is moderately wounded.
Your transformation is almost over.
You constrict Eustachio. Eustachio bites you. Eustachio bites you!
You completely miss Eustachio.
You pierce Eustachio.
You squeeze Eustachio, but do no damage.
Eustachio is heavily wounded.
You constrict Eustachio. Eustachio bites you!
* * * LOW HITPOINT WARNING * * *
You release your grip on Eustachio.
Eustachio bites you.
* * * LOW HITPOINT WARNING * * *
You miss Eustachio. Your grab misses Eustachio. Your squeeze misses Eustachio.
Eustachio is heavily wounded.
Eustachio completely misses you.
You miss Eustachio. Your grab misses Eustachio.
Your tentacle spike misses Eustachio.
Eustachio is heavily wounded.
Eustachio closely misses you. Eustachio bites you!
* * * LOW HITPOINT WARNING * * *
You feel better. Eustachio bites you!
You die...

##.## #.#
########...##########.#
#........(..........#.#
#.######...########.#.#
###.#########.#.#
#.......(.......#
#.#.#######.....# #.#.#
####.###.# ..#@# #....#
#.#### ####h#
#....###.).(# #.#
#........##.# #.#
##(########.# #.# #.#
#.# #.# #.# #.# #)# #.#
#.# #†# #.# #.# #.# #.#
#.#


You could see Eustachio the wolf.

Vanquished Creatures
  A phantom (D:2)
  A scorpion (D:4)
  A bullfrog skeleton (D:4)
  An orc priest (D:4)
  A hound (D:4)
  2 orc wizards
  Ijyb (D:3)
  A worker ant (D:4)
  4 gnolls
  4 adders
  An ooze (D:3)
  2 worms
  2 dart slugs
  4 leopard geckos
  18 orcs
  A ball python (D:1)
  6 bats
  4 giant cockroaches
  11 goblins
  4 hobgoblins
  7 jackals (D:3)
  6 quokkas
  3 frilled lizards
  8 kobolds
  5 rats
99 creatures vanquished.

Vanquished Creatures (others)
  26 plants (D:2)
26 creatures vanquished.

Grand Total: 125 creatures vanquished

Notes
Turn   | Place    | Note
-------+----------+-------------------------------------------
     0 | D:1      | Valerick the Octopode Transmuter began the quest for the
                  | Orb.
     0 | D:1      | Reached XP level 1. HP: 13/13 MP: 3/3
    45 | D:1      | Reached XP level 2. HP: 18/18 MP: 5/5
   543 | D:2      | Found a sacrificial altar of Ru.
   554 | D:2      | Learned a level 2 spell: Wereblood
   579 | D:2      | Reached XP level 3. HP: 14/24 MP: 4/6
   858 | D:2      | Found a burning altar of Makhleb.
   873 | D:2      | Became a worshipper of Makhleb the Destroyer
   982 | D:2      | Noticed a phantom
  1081 | D:2      | Killed a phantom
  1082 | D:2      | Reached skill level 1 in Stealth
  1082 | D:2      | Reached skill level 4 in Unarmed Combat
  1082 | D:2      | Reached XP level 4. HP: 16/30 MP: 4/7
  1082 | D:2      | Reached XP level 5. HP: 18/35 MP: 4/8
  1898 | D:3      | Reached * piety under Makhleb
  2184 | D:3      | Reached XP level 6. HP: 41/41 MP: 5/9
  2326 | D:3      | Reached skill level 5 in Unarmed Combat
  2628 | D:3      | Reached ** piety under Makhleb
  2653 | D:3      | Noticed Ijyb
  2662 | D:3      | Killed Ijyb
  3111 | D:4      | Reached XP level 7. HP: 32/46 MP: 8/10
  3398 | D:4      | Noticed Eustachio
  3478 | D:4      | Noticed Eustachio
  3478 | D:4      | Eustachio changed into Eustachio the wolf
  3486 | D:4      | HP: 2/46 [Eustachio the wolf (7)]
  3487 | D:4      | Slain by Eustachio the wolf

Illustrated notes

Levels and vault maps discovered:
D:1:      heliophobic_arrival_henge, layout_rooms, kennysheep_boxes
D:2:      wad_woods_stonehenge, layout_basic, nicolae_ru_path_of_blood
D:3:      layout_basic, minmay_pentangle, uniq_ijyb
D:4:      kennysheep_the_goblin_king, layout_loops_ring,
          eat_drink_and_be_merry_uskayaw, uniq_eustachio

Skill      XL: |  1  2  3  4  5  6  7 |
---------------+----------------------+-----
Fighting       | 2 3 |  3.5
Stealth        | 1 2 3 |  3.6
Unarmed Combat | 4 5 |  5.7
Transmutations | 3 |  3.1
Dodging        | 3 |  3.1
Spellcasting   | |  2.0

Action                   |  1- 3 |  4- 6 |  7- 9 || total
-------------------------+-------+-------+-------++-------
Melee: Unarmed           |    73 |   140 |    84 ||   297
       Constrict         |    13 |    43 |    23 ||    79
       Tentacles         |     5 |    22 |    13 ||    40
       Kick              |     7 |    17 |    15 ||    39
       Punch             |     1 |     4 |     5 ||    10
 Cast: Beastly Appendage |     6 |    14 |     5 ||    25
       Wereblood         |     1 |     2 |     4 ||     7
Evoke: Wand              |       |       |     1 ||     1
  Use: Potion            |     5 |       |     1 ||     6
       Scroll            |     3 |       |       ||     3
 Stab: Sleeping          |     5 |     8 |     1 ||    14
Armor: Skin              |    12 |    11 |     1 ||    24
Dodge: Dodged            |    23 |    83 |    25 ||   131

Table legend: (Time is in decaauts)
 A = Elapsed time spent in this place.
 B = Non-inter-level travel time spent in this place.
 C = Inter-level travel time spent in this place.
 D = Time resting spent in this place.
 E = Time spent auto-exploring this place.
 F = Levels seen in this place.
 G = Mean time per level.
                   A        B        C        D        E       F      G
               +--------+--------+--------+--------+--------+-----+--------+
         Total |   3440 |   3351 |     89 |    413 |   2208 |   4 |  860.0 |
       Dungeon |   3440 |   3351 |     89 |    413 |   2208 |   4 |  860.0 |
               +--------+--------+--------+--------+--------+-----+--------+

Top non-repeatable levels by time:
     D:3: 1271 daAuts
     D:2: 1127 daAuts
     D:1: 542 daAuts
     D:4: 499 daAuts
